AoeStats
← Mad King

Golden Pit

508881622Analyzed
1v1 RM · 7d ago on Sep 24, 2026· 33m 55s· 2 players
Game mode
Random Map
Map size
Tiny (2 player)
Population
200
Speed
Normal
Resources
Standard
Victory
Conquest
Starting age
Dark Age
Ending age
Imperial Age
RankedLock teamsTeams togetherTeam positionsShared explorationLock speedFull tech treeHidden civsTurbo modeCheats
Victory
Defeat
🇺🇸 Lithuanians · United States
583
+17
🇦🇹 Koreans · Austria
608
-17
DeathByTaxation
10:17 Feudal Age
11:53 Double-Bit Axe
19:37 Castle Age
18:41 Scale Barding Armor
18:22 Horse Collar
19:40 Forging
19:29 Loom
26:01 Bow Saw
28:05 Fletching
28:54 Elite Skirmisher
29:44 Bodkin Arrow
30:11 Chain Barding Armor
Mad King
11:39 Feudal Age
14:51 Double-Bit Axe
19:30 Loom
23:13 Castle Age
24:07 Pikeman
24:08 Elite Skirmisher
24:55 Fletching
28:52 Bodkin Arrow
29:12 Forging
32:38 Thumb Ring
Connection lost

Rejoining the realm…

Still unreachable

The connection could not be restored.

Session expired

The server has moved on; the page needs a fresh start.